Match 32718437
Unlisted

Match 32718437
End
Pioneer Squad
Construct Infanterie Kompanie
Grenadier Squad
Selects Breakthrough Battlegroup
Selects Assault Grenadiers
Grenadier Squad
Grenadier Squad
Grenadier Squad
Infanterie Officer Quarters
Selects Breakthrough
el campo
MaXiS
*Mule
aSIIWarbringer
0
0

Comments sign in to comment!

No comments posted yet!